 Dungeon Crawl Stone Soup version 0.29-a0-234-g0dae59b3db (webtiles) character file.

Game seed: 1628056258530343882

7378 spaghetti the Unhurried (level 11, -5/81 HPs)
             Began as an Octopode Fighter on Mar 3, 2022.
             Was a Believer of Cheibriados.
             Killed by divine providence
             ... invoked by an orc priest
              (15 damage)
             ... on level 1 of the Orcish Mines.
             The game lasted 00:19:05 (13786 turns).

spaghetti the Unhurried (Octopode Fighter)         Turns: 13786, Time: 00:19:05

Health: -5/81      AC:  1    Str: 21    XL:     11   Next: 14%
Magic:  25/27      EV: 19    Int: 18    God:    Cheibriados [**....]
Gold:   599        SH:  7    Dex: 21    Spells: 10/10 levels left

rFire   . . .      SeeInvis .   h - +5 morningstar (freeze) {mace}
rCold   . . .      Faith    .   b - +1 buckler
rNeg    . . .      Spirit   .   B - +0 hat
rPois   .          Reflect  .   (no amulet)
rElec   .          Harm     .   k - ring of willpower
rCorr   .          Rampage  .   m - ring of magical power
Will    +....                   (no ring)
Stlth   +++++.....              (no ring)
HPRegen 0.23/turn               (no ring)
MPRegen 0.20/turn               (no ring)
                                (no ring)
                                (no ring)

@: very slow
A: almost no armour, amphibious, 8 rings, camouflage 1, gelatinous body 1,
(nimble swimmer 1), tentacles
a: Renounce Religion, Bend Time


You were on level 1 of the Orcish Mines.
You worshipped Cheibriados.
Cheibriados was pleased with you.
You visited 2 branches of the dungeon, and saw 11 of its levels.

You collected 599 gold pieces.


Innate Abilities, Weirdness & Mutations

You cannot wear most types of armour.
You are amphibious.
You can wear up to eight rings at the same time.
Your skin changes colour to match your surroundings (Stealth+).
Your rubbery body absorbs attacks. (AC +1, EV +1)
((You are camouflaged when in or above water. (Stealth+)))
You have tentacles for arms and can constrict up to eight enemies at once.


   Skills:
 - Level 10.0 Fighting
 - Level 2.0 Long Blades
 + Level 9.1 Dodging
 - Level 8.0 Stealth
 - Level 3.0 Shields
 + Level 10.4 Invocations


You had 10 spell levels left.
You didn't know any spells.
Your spell library contained the following spells:

 Spells                   Type           Power      Damage    Failure   Level
 Apportation              Tloc           0%         N/A       28%         1
 Magic Dart               Conj           0%         1d3       28%         1
 Searing Ray              Conj           0%         2d4       41%         2
 Static Discharge         Conj/Air       0%         N/A       41%         2
 Gell's Gravitas          Tloc           0%         N/A       65%         3
 Lesser Beckoning         Tloc           0%         N/A       65%         3
 Teleport Other           Tloc           0%         N/A       65%         3
 Fulminant Prism          Conj/Hex       0%         3d6       96%         4
 Alistair's Intoxication  Tmut/Pois      0%         N/A       100%        5
 Lightning Bolt           Conj/Air       0%         1d11      100%        5
 Maxwell's Capacitive Co  Air            0%         ∞         100%        8

Inventory:

Hand Weapons
 a - a +0 long sword {long}
 f - a +1 broad axe of flaming {axe}
   (You took it off Maggie on level 7 of the Dungeon)
 h - a +5 morningstar of freezing (weapon) {mace}
   (You took it off a wight on level 7 of the Dungeon)
 j - a +0 dagger of venom {short}
   (You took it off an orc on level 3 of the Dungeon)
Missiles
 d - 10 atropa-tipped darts {throwing}
 l - 260 stones (quivered) {throwing}
 s - 11 poisoned darts {throwing}
 v - a boomerang {throwing}
 C - 2 javelins {throwing}
Armour
 b - a +1 buckler (worn)
 B - a +0 hat (worn)
   (You took it off Gastronok on level 8 of the Dungeon)
Magical Staves
 r - a staff of fire {!astaff}
   (You found it on level 4 of the Dungeon)
Jewellery
 k - a ring of willpower (left tentacle)
   (You found it on level 3 of the Dungeon)
 m - a ring of magical power (right tentacle)
   (You found it on level 3 of the Dungeon)
Wands
 c - a wand of paralysis (17)
   (You took it off Maggie on level 7 of the Dungeon)
 g - a wand of digging (4)
   (You found it on level 6 of the Dungeon)
 i - a wand of iceblast (2)
   (You found it on level 8 of the Dungeon)
 p - a wand of flame (32)
   (You found it on level 3 of the Dungeon)
 q - a wand of charming (3)
   (You found it on level 7 of the Dungeon)
 x - a wand of mindburst (9)
   (You found it on level 8 of the Dungeon)
Scrolls
 e - 2 scrolls of noise {!r}
 t - a scroll of enchant armour
 u - a scroll of holy word
 w - 2 scrolls of immolation {!r!r}
 y - 2 scrolls of vulnerability {!r!r}
 A - a scroll of magic mapping {!r}
Potions
 n - a potion of degeneration {!q@e2}
 o - 2 potions of attraction {!q}
 F - 2 potions of brilliance
 G - 2 potions of flight
Miscellaneous
 E - a box of beasts (inert)
   (You found it on level 9 of the Dungeon)

Dungeon Overview and Level Annotations

Branches:
Dungeon (10/15)            Temple (0/1) D:5             Orc (1/2) D:9
   Lair: D:8-11

Altars:
Cheibriados
Elyvilon
Kikubaaqudgha
Okawaru
Sif Muna
Zin
The Shining One

Shops:
D:3 *   D:7 (

Annotations:
D:10 Joseph

..o.........
......((....#
...o..(.....
.....#.O...
..#o....# #..Ho..#
#..{oo.## #
#oO@o..#.#.
###.O.......
###.#).......
##...........#
#....#.......###
##.#.##........###
##................##
#..................#
##....#...........##


You could see a two-headed ogre, an orc warrior, 2 ogres, 3 orc priests, an orc
wizard, 3 orcs and a friendly larval stingox beast (summoned).


Message History

The orc barely misses you.
The orc wizard gestures at you while chanting.
The puff of flame misses you. The orc misses you.
You see here a +0 whip {mace}.
You sock the orc! You freeze the orc.
You kill the orc!
Cheibriados appreciates the change of pace.
You block the orc's attack. The orc barely misses you.
An orc priest comes into view. It is wielding a +3 hand axe.
You block the orc wizard's attack. The orc hits you with a +0 short sword.
The orc priest begins to cast a cantrip, but forgets the words! 😕 HP[-5]
You take 5 damage, and now have 76/81 hp.
Unknown command.
The flow of time bends around you.
Cheibriados rebukes the orc wizard.
The orc wizard seems to slow down.
Cheibriados rebukes the two-headed ogre.
The two-headed ogre seems to slow down.
Cheibriados rebukes the orc.
The orc seems to slow down.
Cheibriados rebukes the orc.
The orc seems to slow down.
Cheibriados rebukes the orc.
The orc seems to slow down.
You can no longer warp the flow of time around you.
The orc misses you. You block the two-headed ogre's attack.
The two-headed ogre hits you with a +0 giant spiked club!!
You block the orc's attack.
The orc wizard mumbles some strange words.
The orc wizard flickers and vanishes!
Deactivating autopickup; reactivate with Ctrl-A. 😮 HP[-20] MP[-3]
You take 20 damage, and now have 56/81 hp.
MASSIVE DAMAGE!! (PAUSE)
You lost 3 mp, and now have 24/27 mp.
Unknown command.
You hit the two-headed ogre. You freeze the two-headed ogre.
You squeeze the two-headed ogre, but do no damage.
An orc wizard comes into view. It is wielding a +0 dagger.
The orc hits you with a +0 short sword.
The orc priest miscasts a cantrip.
You block the orc's attack. The orc completely misses you.
You block something's attack. You block the two-headed ogre's attack.
The two-headed ogre misses you. 😮 HP[-4]
You take 4 damage, and now have 52/81 hp.
You hit the two-headed ogre. You freeze the two-headed ogre.
You tentacle-slap the two-headed ogre.
Your squeeze misses the two-headed ogre.
The orc priest begins to cast a cantrip, but forgets the words!
The orc closely misses you.
An ogre comes into view. It is wielding a +0 giant club.
The orc wizard gestures at you while chanting.
The magic dart hits something!
The orc completely misses you. You block the orc's attack.
The orc closely misses you.
An orc warrior comes into view. It is wielding a +0 mace.
The orc warrior shouts! 😮 HP[+1] Unknown command.
You barely miss the two-headed ogre.
The ogre shouts!
You hear a shout! x2
The two-headed ogre is no longer moving slowly.
The two-headed ogre hits you with a +0 giant club!!
* * * LOW HITPOINT WARNING * * *
The two-headed ogre hits you with a +0 giant spiked club!
* * * LOW HITPOINT WARNING * * *
An orc comes into view. It is wielding a +0 short sword.
The orc closely misses you. The orc barely misses you.
The orc completely misses you. 😱 HP[-39] MP[+1]
You take 39 damage, and now have 14/81 hp.
MASSIVE DAMAGE!! (PAUSE)
Okay, then.
Okay, then.
Okay, then.
Unknown command.
You open the lid... ...and a larval stingox beast leaps out!
The box is emptied!
The two-headed ogre completely misses you.
The two-headed ogre misses you. Something closely misses you.
An orc priest comes into view. It is wielding a +0 dagger.
The ogre misses you. The orc hits you with a +0 hand axe.
* * * LOW HITPOINT WARNING * * *
The orc hits your larval stingox beast but does no damage. 😱 HP[-4]
You take 4 damage, and now have 10/81 hp.
Unknown command.
The box of beasts is presently inert.
Okay, then.
Okay, then.
Okay, then.
Aiming: Charm
Press: ? - help, Shift-Dir - straight line, f - ogre
Aim: an ogre, wielding a +0 giant club (chance to affect: 49%)
The ogre resists with some effort.
The orc priest invokes the aid of Beogh against you.
Beogh smites you!
You die...

Skill      XL: |  1  2  3  4  5  6  7  8  9 10 11 |
---------------+----------------------------------+-----
Stealth        | 2 3 5 6 7 8 |  8.0
Fighting       | 4 5 7 9 10 | 10.0
Invocations    | 1 7 10 | 10.4
Dodging        | 5 8 9 |  9.1
Long Blades    | |  2.0
Shields        | |  3.0

Action                   |  1- 3 |  4- 6 |  7- 9 | 10-12 || total
-------------------------+-------+-------+-------+-------++-------
Melee: Long sword        |    59 |    17 |       |       ||    76
       Constrict         |    13 |    22 |    35 |    21 ||    91
       Tentacles         |     8 |    19 |    42 |    30 ||    99
       Dagger            |       |    64 |   121 |       ||   185
       Punch             |       |       |     2 |     1 ||     3
       Morningstar       |       |       |    31 |   116 ||   147
Throw: Stone             |       |       |    50 |    47 ||    97
Invok: Bend Time         |       |     1 |     1 |     2 ||     4
       Temporal Distorti |       |       |     6 |    13 ||    19
       Slouch            |       |       |     1 |       ||     1
Evoke: Wand              |       |       |     6 |    12 ||    18
       Box of beasts     |       |       |       |     1 ||     1
  Use: Scroll            |     5 |       |    10 |     5 ||    20
       Potion            |       |       |    11 |     2 ||    13
 Stab: Sleeping          |    16 |    15 |    15 |     5 ||    51
       Distracted        |       |     1 |       |       ||     1
Armor: Skin              |       |     2 |    21 |     3 ||    26
Dodge: Dodged            |    35 |    33 |   150 |   141 ||   359
Block: Buckler           |     9 |    20 |    16 |    57 ||   102

Levels and vault maps discovered:
D:1:      minmay_arrival_checkered_box, layout_loops_ring,
          dreamdust_ecumenical_altar_statues, serial_co_window_serial,
          co_window_corner_a, co_window_corner_a, co_window_corner_a,
          co_window_corner_a, co_window_corner_a, co_window_paths_b,
          co_window_corner_a, co_window_cross_3, co_window_unsneaky_path_b,
          co_window_cross_4, co_window_broadway_a, co_window_corner_b,
          co_window_4corner_a, co_window_4corner_b, glass_columns_c,
          glass_columns_a
D:2:      layout_basic, minmay_statues_item, uniq_crazy_yiuf_cottage
D:3:      layout_loops_corners, slow_altar_1, nicolae_overflow_squiral,
          serial_shops, nicolae_shop_statue_plus, kennysheep_generic_room_16
D:4:      layout_loops_ring, gammafunk_temple_overflow_statue, uniq_robin
D:5:      layout_rooms, minmay_temple_entry_junction_2, minivault_24,
          chequers_serial_rivers_large_a, hangedman_decor_lopped, uniq_edmund
D:6:      layout_rooms
D:7:      layout_layer_cave, tgw_sif, serial_shops, shop, uniq_menkaure,
          uniq_maggie
D:8:      layout_basic, serial_curves, eino_curves_03, eino_curves_01,
          eino_curves_03, uniq_maurice, uniq_gastronok, uniq_erica
D:9:      layout_irregular_city, mainiacjoe_overflow_concentric_impassable,
          david_orc_4
D:10:     layout_cave_pods, hellmonk_guarded_unrand_gong, uniq_harold,
          uniq_lodul, uniq_joseph
Orc:1:    layout_caves, serial_shops, shop, basic_altar

Notes
Turn   | Place    | Note
-------+----------+-------------------------------------------
     0 | D:1      | spaghetti the Octopode Fighter began the quest for the Orb.
     0 | D:1      | Reached XP level 1. HP: 16/16 MP: 1/1
     0 | D:1      | magus.rc [v1.9.6]
    39 | D:1      | Reached skill level 1 in Stealth
   312 | D:1      | Reached skill level 2 in Stealth
   377 | D:1      | Reached XP level 2. HP: 21/21 MP: 2/2
   558 | D:1      | Found a faded altar of an unknown god.
   630 | D:1      | Prayed at the altar of an unknown god.
   630 | D:1      | Became a worshipper of Cheibriados the Contemplative
   630 | D:1      | Reached * piety under Cheibriados
   638 | D:1      | Reached skill level 3 in Stealth
   932 | D:1      | Reached XP level 3. HP: 26/26 MP: 3/3
   955 | D:1      | Reached skill level 4 in Stealth
  1127 | D:1      | Reached ** piety under Cheibriados
  1765 | D:2      | Reached skill level 5 in Stealth
  1892 | D:2      | Reached XP level 4. HP: 26/31 MP: 4/4
  2401 | D:2      | Found a runed translucent door.
  2402 | D:2      | Noticed Crazy Yiuf
  2410 | D:2      | Killed Crazy Yiuf
  2411 | D:2      | Reached skill level 6 in Stealth
  2834 | D:3      | Found a glowing silver altar of Zin.
  2837 | D:3      | Found a white marble altar of Elyvilon.
  2848 | D:3      | Reached XP level 5. HP: 31/36 MP: 5/5
  2855 | D:3      | Reached *** piety under Cheibriados
  2954 | D:3      | Found a snail-covered altar of Cheibriados.
  3152 | D:3      | Found Quekis's Assorted Antiques.
  3475 | D:3      | You pick up a book of Party Tricks and begin reading...
  3475 | D:3      | You add the spells Apportation and Alistair's Intoxication
                  | to your library.
  3663 | D:4      | Noticed a black bear
  3671 | D:4      | Killed a black bear
  3672 | D:4      | Reached skill level 4 in Fighting
  3672 | D:4      | Reached skill level 7 in Stealth
  3672 | D:4      | Reached XP level 6. HP: 31/43 MP: 6/6
  3903 | D:4      | Reached skill level 8 in Stealth
  3929 | D:4      | Noticed Robin
  3949 | D:4      | Killed Robin
  3951 | D:4      | Reached **** piety under Cheibriados
  4129 | D:4      | Noticed a black bear
  4133 | D:4      | Killed a black bear
  4134 | D:4      | Reached skill level 5 in Fighting
  4134 | D:4      | Reached XP level 7. HP: 50/50 MP: 7/7
  4330 | D:4      | Reached skill level 6 in Fighting
  4362 | D:4      | Found a glowing golden altar of the Shining One.
  4362 | D:4      | Found an iron altar of Okawaru.
  4465 | D:5      | Entered Level 5 of the Dungeon
  4504 | D:5      | HP: 4/52 [ice beast (10)]
  4813 | D:5      | Noticed Edmund
  4839 | D:5      | Killed Edmund
  4840 | D:5      | Reached skill level 7 in Fighting
  4937 | D:5      | Reached XP level 8. HP: 60/60 MP: 8/8
  4999 | D:5      | Reached skill level 8 in Fighting
  5369 | D:5      | Found a staircase to the Ecumenical Temple.
  5676 | D:6      | Reached skill level 9 in Fighting
  5695 | D:6      | You pick up a book of Displacement and begin reading...
  5695 | D:6      | You add the spells Lesser Beckoning, Gell's Gravitas and
                  | Teleport Other to your library.
  5965 | D:6      | You pick up a book of Conjurations {@e2} and begin
                  | reading...
  5965 | D:6      | You add the spells Magic Dart, Searing Ray and Fulminant
                  | Prism to your library.
  6062 | D:6      | HP: 11/63 [gnoll/+0 spear (10)]
  6245 | D:6      | Reached ***** piety under Cheibriados
  6607 | D:7      | Found Cimoik's Antique Weapon Shop.
  6680 | D:7      | Reached skill level 1 in Invocations
  6680 | D:7      | Reached XP level 9. HP: 53/70 MP: 10/10
  6693 | D:7      | Reached skill level 2 in Invocations
  6701 | D:7      | Reached skill level 10 in Fighting
  6707 | D:7      | Reached skill level 3 in Invocations
  7033 | D:7      | HP: 16/70 [centaur (5)]
  7035 | D:7      | Reached skill level 4 in Invocations
  7036 | D:7      | HP: 7/70 [centaur (2)]
  7037 | D:7      | HP: 3/70 [centaur (4)]
  7575 | D:7      | Noticed a troll
  7586 | D:7      | HP: 7/69 [troll (18)]
  7586 | D:7      | HP: 1/69 [troll (6)]
  7587 | D:7      | Killed a troll
  7588 | D:7      | Reached skill level 5 in Invocations
  7968 | D:7      | Noticed Menkaure
  7974 | D:7      | Killed Menkaure
  7975 | D:7      | Reached skill level 4 in Dodging
  8008 | D:7      | Noticed Maggie
  8318 | D:7      | Reached skill level 6 in Invocations
  8430 | D:7      | Reached skill level 5 in Dodging
  8499 | D:7      | Killed Maggie
  8868 | D:7      | Reached skill level 7 in Invocations
  8868 | D:7      | Reached XP level 10. HP: 76/76 MP: 15/15
  9462 | D:7      | Found a shimmering blue altar of Sif Muna.
  9593 | D:8      | Reached skill level 6 in Dodging
  9895 | D:8      | Noticed Maurice
  9943 | D:8      | Killed Maurice
  9944 | D:8      | Reached skill level 8 in Invocations
 10173 | D:8      | Reached skill level 7 in Dodging
 10541 | D:8      | Noticed Gastronok
 10552 | D:8      | Killed Gastronok
 10553 | D:8      | Reached skill level 9 in Invocations
 10857 | D:8      | Noticed Erica
 10862 | D:8      | Killed Erica
 10863 | D:8      | Reached skill level 8 in Dodging
 11330 | D:8      | You pick up a book of Lightning and begin reading...
 11330 | D:8      | You add the spells Static Discharge, Lightning Bolt and
                  | Maxwell's Capacitive Coupling to your library.
 11396 | D:9      | You pick up a book of Conjurations {@e2} and begin
                  | reading...
 11461 | D:9      | Found an ancient bone altar of Kikubaaqudgha.
 11901 | D:9      | Reached skill level 10 in Invocations
 11901 | D:9      | Reached XP level 11. HP: 53/81 MP: 18/18
 12754 | D:9      | Found a staircase to the Orcish Mines.
 12865 | D:10     | Entered Level 10 of the Dungeon
 12874 | D:10     | Noticed Joseph
 12885 | D:10     | HP: 17/81 [something (18)]
 12886 | D:10     | HP: 6/81 [something (12)]
 13243 | D:9      | Reached skill level 9 in Dodging
 13336 | Orc:1    | Entered Level 1 of the Orcish Mines
 13776 | Orc:1    | Noticed a two-headed ogre
 13784 | Orc:1    | HP: 14/81 [two-headed ogre/+0 giant club (13)]
 13786 | Orc:1    | Killed from afar by an orc priest

Vanquished Creatures
  Gastronok (D:8)
  Erica (D:8)
  Maggie (D:7)
  2 trolls
  A shadow (D:9)
  A vampire (D:8)
  2 vampire mosquitoes (D:7)
  Menkaure (D:7)
  Edmund (D:5)
  2 water moccasins
  An acid dragon (D:9)
  4 orc warriors
  A sky beast (D:8)
  2 ice beasts
  3 black bears
  3 ogres
  8 centaurs
  A kobold brigand (D:4)
  2 bullfrogs (D:7)
  2 necrophages (D:7)
  4 scorpions
  7 wights
  A howler monkey (D:5)
  An iron imp (D:3)
  A jelly (D:6)
  2 orc priests (Orc:1)
  Crazy Yiuf (D:2)
  2 gnoll shamans
  3 iguanas
  6 orc wizards
  Robin (D:4)
  5 adders
  18 gnolls
  A white imp (D:7)
  3 ufetubi
  A dart slug (D:2)
  25 orcs
  7 endoplasms
  4 giant cockroaches
  9 goblins
  11 hobgoblins
  8 jackals
  5 kobolds
  6 quokkas
  7 ball pythons
  6 bats
  A frilled lizard (D:1)
  7 rats
193 creatures vanquished.

Vanquished Creatures (collateral kills)
  A wight (D:7)
1 creature vanquished.

Vanquished Creatures (others)
  Maurice (D:8)
  A wight (D:7)
2 creatures vanquished.

Grand Total: 196 creatures vanquished

Table legend:
 A = Non-vault XP
 B = Vault XP
 C = Vault XP percentage of total XP
 D = Non-vault monster count
 E = Vault monster count
 F = Vault count percentage of total count
                 A         B        C        D         E       F
            +---------+---------+-------+---------+---------+-------
      Total |    6582 |    3958 |  37.6 |     168 |      28 |  14.3
            +---------+---------+-------+---------+---------+-------
        D:1 |      45 |       0 |   0.0 |      27 |       0 |   0.0
        D:2 |      52 |      39 |  42.9 |      16 |       1 |   5.9
        D:3 |      70 |      46 |  39.7 |      26 |       3 |  10.3
        D:4 |     561 |      31 |   5.2 |      11 |       9 |  45.0
        D:5 |     818 |     154 |  15.8 |      18 |       1 |   5.3
        D:6 |     420 |       0 |   0.0 |      14 |       0 |   0.0
        D:7 |    2005 |     590 |  22.7 |      24 |       3 |  11.1
        D:8 |    1142 |    2746 |  70.6 |      13 |       3 |  18.8
        D:9 |    1243 |     352 |  22.1 |      13 |       8 |  38.1
      Orc:1 |     226 |       0 |   0.0 |       6 |       0 |   0.0
            +---------+---------+-------+---------+---------+-------

Illustrated notes

Table legend:
 A = Kills in this place as a percentage of kills in entire the game.
 B = Kills by you in this place as a percentage of kills by you in the entire game.
 C = Kills by friends in this place as a percentage of kills by friends in the entire game.
 D = Other kills in this place as a percentage of other kills in the entire game.
 E = Experience gained in this place as a percentage of experience gained in the entire game.
 F = Experience gained in this place divided by the number of levels of this place that you have seen.
                   A       B       C       D       E      F
               +-------+-------+-------+-------+-------+----------------------
         Total | 100.0 | 100.0 | 100.0 | 100.0 | 100.0 | 958.2
       Dungeon |  96.9 |  96.9 | 100.0 | 100.0 |  97.9 | 1031.4
  Orcish Mines |   3.1 |   3.1 |   0.0 |   0.0 |   2.1 | 226.0
               +-------+-------+-------+-------+-------+----------------------

Table legend: (Time is in decaauts)
 A = Elapsed time spent in this place.
 B = Non-inter-level travel time spent in this place.
 C = Inter-level travel time spent in this place.
 D = Time resting spent in this place.
 E = Time spent auto-exploring this place.
 F = Levels seen in this place.
 G = Mean time per level.
                   A        B        C        D        E       F      G
               +--------+--------+--------+--------+--------+-----+--------+
         Total |  17975 |  17431 |    544 |   4579 |  10958 |  11 | 1634.1 |
       Dungeon |  17560 |  17017 |    543 |   4483 |  10703 |  10 | 1756.0 |
  Orcish Mines |    415 |    415 |      0 |     96 |    255 |   1 |  415.0 |
               +--------+--------+--------+--------+--------+-----+--------+

Top non-repeatable levels by time:
     D:7: 3754 daAuts
     D:9: 2523 daAuts
     D:8: 2345 daAuts
     D:1: 1752 daAuts
     D:3: 1590 daAuts
     D:2: 1438 daAuts
     D:5: 1395 daAuts
     D:6: 1383 daAuts
     D:4: 1329 daAuts
   Orc:1: 415 daAuts
    D:10: 46 daAuts
